 Dungeon Crawl Stone Soup version 0.29-a0-322-g68df515428 (webtiles) character file.

Game seed: 6717510837427253973

81 Aksej the Cudgeller (level 4, 0/34 HPs)
             Began as a Demonspawn Gladiator on Apr 6, 2022.
             Was a Follower of Wu Jian.
             Killed from afar by Robin (4 damage)
             ... with a puff of flame
             ... on level 3 of the Dungeon.
             The game lasted 00:05:03 (2847 turns).

Aksej the Cudgeller (Demonspawn Gladiator)          Turns: 2847, Time: 00:05:04

Health: 0/34       AC:  6    Str: 14    XL:     4   Next: 19%
Magic:  4/4        EV: 12    Int: 10    God:    Wu Jian [*.....]
Gold:   32         SH:  0    Dex: 16    Spells: 3/3 levels left

rFire   + . .      SeeInvis .   a - +0 flail (chaos)
rCold   + . .      Faith    .   (no shield)
rNeg    . . .      Spirit   .   n - +2 leather armour {rPois}
rPois   +          Reflect  .   c - +0 helmet
rElec   +          Harm     .   (no cloak)
rCorr   +          Rampage  .   (no gloves)
Will    .....                   (no boots)
Stlth   +.........              (no amulet)
HPRegen 0.11/turn               (no ring)
MPRegen 0.09/turn               (no ring)

@: brilliant, resistant
A: condensation shield, demonic touch 1
a: Renounce Religion


You were on level 3 of the Dungeon.
You worshipped Wu Jian.
Wu Jian was aware of your devotion.
You visited 1 branch of the dungeon, and saw 3 of its levels.

You collected 187 gold pieces.
You spent 155 gold pieces at shops.

Inventory:

Hand Weapons
 a - a +0 flail of chaos (weapon)
Missiles
 d - 3 throwing nets (quivered)
 e - a javelin
Armour
 c - a +0 helmet (worn)
 n - a +2 leather armour of poison resistance (worn)
Jewellery
 f - a ring of resist corrosion
 g - a ring of flight
Scrolls
 h - a scroll of fog
 i - a scroll of teleportation {unknown}
 l - a scroll of blinking {unknown}


   Skills:
 * Level 2.6 Fighting
 + Level 3.4 Maces & Flails
 + Level 1.9 Throwing
 + Level 1.2 Armour
 + Level 3.2 Dodging
 + Level 0.1 Stealth


You had 3 spell levels left.
You didn't know any spells.
Your spell library was empty.

Dungeon Overview and Level Annotations

Branches:
Dungeon (3/15)

Altars:
Makhleb
Ru
Wu Jian
Xom

Shops:
D:2 [(

Annotations:
D:3 1 runed translucent door, Murumi's ghost, amateur DjMo; Robin


Innate Abilities, Weirdness & Mutations

A meltable shield of frost defends you. (SH +0)
Your touch may inflict minor irresistible damage on your foes.


Message History

You barely miss the goblin. Your touch misses the goblin.
The goblin no longer looks unusually strong.
The goblin barely misses you. The goblin closely misses you.
Robin roars a battlecry!
The goblin goes into a battle-frenzy!
The goblin hits you with a +0 dagger. The goblin misses you.
You closely miss the goblin.
You touch the goblin.
You kill the goblin!
The Council accepts your kill. The goblin hits you but does no damage.
Robin zaps a wand.
The puff of flame hits you. You resist. The goblin hits you but does no damage.
The goblin misses you. The goblin barely misses you.
The goblin hits you but does no damage. The goblin misses you.
Robin barely misses you. The goblin hits you with a +0 club.
You closely miss the goblin.
The goblin is severely wounded.
The goblin no longer looks unusually strong.
The goblin hits you with a +0 club. The goblin hits you but does no damage.
The goblin barely misses you.
Robin roars a battlecry!
The goblin goes into a battle-frenzy!
The goblin barely misses you.
You hit the goblin.
You kill the goblin!
The Council accepts your kill. The goblin closely misses you.
The goblin hits you with a +0 dagger. x2
Robin zaps a wand.
The puff of flame hits you. You resist.
* * * LOW HITPOINT WARNING * * *
You barely miss the goblin. Your touch misses the goblin.
The goblin hits you with a +0 club.
* * * LOW HITPOINT WARNING * * *
The goblin misses you. The goblin closely misses you.
Robin zaps a wand.
The puff of flame hits you. You resist.
* * * LOW HITPOINT WARNING * * *
The goblin closely misses you.
You thump the goblin!
You kill the goblin!
The Council accepts your kill.
Robin zaps a wand.
The puff of flame hits you. You resist.
You die...

#....# ###########...#...##W##
#....#............#..##...#+#.
#..###.§≈≈........#..###......
#.## .≈≈≈≈.......#.## #......
##.# ....≈§........# #...#.#
###..# .....≈≈.......# ##.##..#
#....# .....§≈.5.....###..##.##
#.##.# .._..g8≈g...............
#.##.# .....≈≈@g...........##.#
..##.# ....§≈≈gg..........(#8.8
.###.# ...§≈§gg5...........##.#
.#...# .≈≈≈§...............##.#
.#.#.# .≈≈≈................#8.8
.....## .5..................##.#
.#.#..###############........##.#
....#.#......######..(.#.....#8.8
.#.##.................######.##.#


You could see 3 iron imps, Robin and 6 goblins.

Vanquished Creatures
  An adder (D:2)
  2 worms (D:3)
  5 dart slugs
  2 endoplasms (D:1)
  14 giant cockroaches
  6 goblins (D:3)
  5 hobgoblins
  2 quokkas
  3 ball pythons
  2 bats (D:3)
  6 frilled lizards
  2 kobolds
  A rat (D:2)
51 creatures vanquished.

Notes
Turn   | Place    | Note
-------+----------+-------------------------------------------
     0 | D:1      | Aksej the Demonspawn Gladiator began the quest for the Orb.
     0 | D:1      | Reached XP level 1. HP: 16/16 MP: 1/1
   290 | D:1      | Discovered your monstrous ancestry.
   290 | D:1      | Gained mutation: Your touch may inflict minor irresistible
                  | damage on your foes. [demonic ancestry]
   290 | D:1      | Reached XP level 2. HP: 16/22 MP: 2/2
  1529 | D:2      | Found an ornate altar of the Wu Jian Council.
  1535 | D:2      | Became a worshipper of the Wu Jian Council
  1612 | D:2      | Found a faded altar of an unknown god.
  1723 | D:2      | Found Viugesk's Weapon Boutique.
  1745 | D:2      | Gained mutation: A meltable shield of frost defends you.
                  | (SH +0) [demonic ancestry]
  1745 | D:2      | Reached XP level 3. HP: 4/28 MP: 3/3
  2021 | D:2      | Found Vaytyxos's Antique Armour Boutique.
  2273 | D:3      | Found a runed translucent door.
  2273 | D:3      | Noticed Murumi's ghost (amateur DjMo)
  2505 | D:3      | Reached skill level 1 in Armour
  2506 | D:3      | Reached XP level 4. HP: 32/34 MP: 4/4
  2508 | D:3      | Reached * piety under Wu Jian
  2563 | D:3      | Found a sacrificial altar of Ru.
  2672 | D:2      | Bought a dyed leather armour for 155 gold pieces
  2697 | D:3      | Found a shimmering altar of Xom.
  2817 | D:3      | Found a burning altar of Makhleb.
  2819 | D:3      | Noticed Robin
  2847 | D:3      | Killed from afar by Robin

Illustrated notes

Levels and vault maps discovered:
D:1:      nagdon_arrival_zigzag_paths, layout_basic
D:2:      layout_basic, basic_altar, serial_shops, nicolae_shop_stone,
          nicolae_shop_bloodbath_and_beyond, dilly_ecumenical_altar_fadedgnrine,
          serial_bayou_pond_d
D:3:      minmay_roachtagon, layout_rooms, mainiacjoe_overflow_tiny_flanked,
          mainiacjoe_overflow_catwalk, demons_altar,
          hellmonk_ghost_happy_afterlife, amcnicky_mini_corridor_feature,
          st_stairs_12, minmay_misc_feat_square, grunt_decor_one_mirror,
          kennysheep_potato, uniq_robin

Skill      XL: |  1  2  3 |
---------------+----------+-----
Dodging        | 3 |  3.2
Maces & Flails | 3 |  3.4
Armour         | 1 |  1.2
Fighting       | |  2.6
Throwing       | |  1.9
Stealth        | |  0.1

Action                   |  1- 3 |  4- 6 || total
-------------------------+-------+-------++-------
Melee: Flail             |   103 |    29 ||   132
       Touch             |    13 |     5 ||    18
       Punch             |     1 |       ||     1
Invok: Lunge             |     4 |     2 ||     6
  Use: Scroll            |     4 |       ||     4
       Potion            |       |     3 ||     3
 Stab: Sleeping          |     2 |       ||     2
Armor: Leather armour    |    32 |    27 ||    59
Dodge: Dodged            |    70 |    48 ||   118
Block: Other             |    10 |     8 ||    18

Table legend: (Time is in decaauts)
 A = Elapsed time spent in this place.
 B = Non-inter-level travel time spent in this place.
 C = Inter-level travel time spent in this place.
 D = Time resting spent in this place.
 E = Time spent auto-exploring this place.
 F = Levels seen in this place.
 G = Mean time per level.
                   A        B        C        D        E       F      G
               +--------+--------+--------+--------+--------+-----+--------+
         Total |   2878 |   2749 |    129 |      0 |   2378 |   3 |  959.3 |
       Dungeon |   2878 |   2749 |    129 |      0 |   2378 |   3 |  959.3 |
               +--------+--------+--------+--------+--------+-----+--------+

Top non-repeatable levels by time:
     D:1: 1356 daAuts
     D:2: 923 daAuts
     D:3: 598 daAuts
